 Dungeon Crawl Stone Soup version 0.23-a0-625-g1d2cd9b (webtiles) character file.

10 Leeroy the Grasshopper (level 2, 0/23 HPs)
             Began as a Barachi Warper on Dec 24, 2018.
             Succumbed to a kobold's poison
             ... on level 1 of the Dungeon.
             The game lasted 00:01:14 (337 turns).

Leeroy the Grasshopper (Barachi Warper)              Turns: 337, Time: 00:01:15

Health: 0/23       AC:  6    Str: 12    XL:     2   Next: 20%
Magic:  4/5        EV: 11    Int: 13    God:
Gold:   19         SH:  0    Dex: 11    Spells: 1/5 levels left

rFire    . . .     SeeInvis .   a - +0 falchion
rCold    . . .     Gourm    .   (no shield)
rNeg     . . .     Faith    .   l - +0 ring mail
rPois    .         Spirit   .   (no helmet)
rElec    .         Reflect  .   j - +0 cloak
rCorr    .         Harm     .   (no gloves)
MR       .....                  (no boots)
Stlth    +.........             (no amulet)
HPRegen  0.07/turn              (no ring)
MPRegen  0.09/turn              (no ring)

@: lethally poisoned (0 -> -16), slow
A: +LOS, swims, slowness 1, strong legs 1
a: Hop


You were on level 1 of the Dungeon.
You were not hungry.

You visited 1 branch of the dungeon, and saw 1 of its levels.

You collected 19 gold pieces.

Inventory:

Hand Weapons
 a - a +0 falchion (weapon)
 c - a cursed -2 hunting sling
 i - a +0 dagger of venom
Missiles
 e - 5 tomahawks of dispersal (quivered)
 g - 18 bolts
 m - 38 stones
Armour
 b - a +0 leather armour
 j - a +0 cloak (worn)
 l - a +0 ring mail (worn)
Scrolls
 d - a scroll of blinking
 h - 3 scrolls of remove curse {unknown}
Potions
 k - a potion of mutation {unknown}
Comestibles
 f - 2 rations


   Skills:
 - Level 2.4 Fighting
 * Level 2.9 Long Blades
 - Level 1.0 Throwing
 + Level 1.2 Armour
 + Level 2.7 Dodging
 - Level 2.1 Spellcasting
 + Level 3.2 Translocations


You had one spell level left.
You knew the following spells:

 Your Spells              Type           Power        Failure   Level  Hunger
a - Blink                 Tloc           N/A          22%         2    ###....
b - Shroud of Golubria    Chrm/Tloc      #.........   41%         2    ###....

Your spell library contained the following spells:

 Spells                   Type           Power        Failure   Level  Hunger
 Gell's Gravitas          Tloc           #.........   41%         3    ####...
 Lesser Beckoning         Tloc           #.........   41%         3    ####...
 Teleport Other           Tloc           #.......     41%         3    ####...
 Passage of Golubria      Tloc           N/A          82%         4    #####..


Dungeon Overview and Level Annotations

Branches:
Dungeon (1/15)

Altars:


Innate Abilities, Weirdness & Mutations

Shadows flee at your approach. (+LOS)
You can swim through water.
You cover ground slowly.
You can hop short distances.


Message History

Unknown command.
You closely miss the kobold.
The kobold is severely wounded.
* * * LOW HITPOINT WARNING * * *
You feel sick. The kobold hits you but does no damage.
You are more poisoned.
The kobold hits you but does no damage.
Unknown command.
You hit the kobold.
You kill the kobold!
Your shroud unravels.
* * * LOW HITPOINT WARNING * * *
You feel sick.
Unknown command.
* * * LOW HITPOINT WARNING * * *
You feel sick.
Things that are here:
a +0 dagger of venom; a +0 club
i - a +0 dagger of venom You die...

.#.# #...# .#.#
##..# .#.# #..#
.#.####..#
.#......>###
...........#
##########.#######
#.......#
########@###
#..........#
#..........#
#..........#
#..........#
#..........#
#.?........$
#############


There were no monsters in sight!

Vanquished Creatures
  A bat (D:1)
  A goblin (D:1)
  3 hobgoblins (D:1)
  3 kobolds (D:1)
  A rat (D:1)
9 creatures vanquished.

Notes
Turn   | Place    | Note
-------+----------+-------------------------------------------
     0 | D:1      | Leeroy the Barachi Warper began the quest for the Orb.
     0 | D:1      | Reached XP level 1. HP: 17/17 MP: 3/3
   191 | D:1      | Reached XP level 2. HP: 20/23 MP: 5/5
   215 | D:1      | Learned a level 2 spell: Blink
   218 | D:1      | Learned a level 2 spell: Shroud of Golubria
   336 | D:1      | HP: 1/23 [poisoned by a kobold]
   337 | D:1      | Succumbed to a kobold's poison

Vault maps used:
D:1:      minmay_arrival_solitary_statue

Action                   || total
-------------------------++-------
Melee: Falchion          ||    31
 Cast: Shroud of Golubri ||     1
Armor: Leather armour    ||     2
       Ring mail         ||     6
Dodge: Dodged            ||    25
       Rpst.: Falchion   ||    12

Table legend:
 A = Non-vault XP
 B = Vault XP
 C = Vault XP percentage of total XP
 D = Non-vault monster count
 E = Vault monster count
 F = Vault count percentage of total count
                 A         B        C        D         E       F
            +---------+---------+-------+---------+---------+-------
      Total |      15 |       0 |   0.0 |       9 |       0 |   0.0
            +---------+---------+-------+---------+---------+-------
        D:1 |      15 |       0 |   0.0 |       9 |       0 |   0.0
            +---------+---------+-------+---------+---------+-------
